[Event "Team 45 45 League T26"]
[Site "Free Internet Chess Server"]
[Date "2005.04.25"]
[Round "6"]
[White "mrlount"]
[Black "RomaLavrn"]
[Result "0-1"]
[WhiteElo "1646"]
[BlackElo "1833"]
[TimeControl "2700+45"]

1. e4 c6 2. Nc3 d5 3. exd5 cxd5 4. d4 Nf6 5. Nf3 e6 6. Ne5 a6 7. Bd3 Bd6 8. Bg5 Nbd7 9. f4 h6 10. Bxf6 Qxf6 11. O-O O-O 12. Ng4 Qh4 13. g3 Qe7 14. Qf3 f5 15. Ne5 Nxe5 16. fxe5 Bb8 17. Ne2 b5 18. Nf4 Qb4 19. Ne2 Qxb2 20. a3 Ba7 21. Qe3 Bd7 22. Rfb1 Bxd4 23. Nxd4 Qc3 24. Ne2 Qc7 25. Rf1 Rab8 26. Nf4 b4 27. axb4 Rxb4 28. Rxa6 Bc8 29. Nxe6 Bxe6 30. Rxe6 d4 31. Qf4 Qc8 32. Bxf5 Rc4 33. Bh7+ Kxh7 34. Qxf8 Qxe6 35. Rf7 Qxe5 36. Re7 Qg5 37. Qf7 Rxc2 38. Rd7 Qe3+   {White resigns} 0-1

[Event "Team 45 45 League T26"]
[Site "Free Internet Chess Server"]
[Date "2005.04.22"]
[Round "6"]
[White "LLIAMAH"]
[Black "xplan"]
[Result "1-0"]
[WhiteElo "1739"]
[BlackElo "1550"]
[TimeControl "2700+45"]

1. d4 Nf6 2. c4 e6 3. Nf3 d5 4. Bg5 Be7 5. e3 Ne4 6. Bf4 O-O 7. a3 Nd7 8. Nc3 Ndf6 9. c5 c6 10. Be2 Nxc3 11. bxc3 b6 12. cxb6 axb6 13. a4 Ne4 14. Qc2 b5 15. O-O Ba6 16. axb5 Bxb5 17. Bxb5 cxb5 18. Nd2 Nf6 19. Rfb1 Qb6 20. Qd3 Rxa1 21. Rxa1 Rc8 22. e4 Nxe4 23. Nxe4 dxe4 24. Qxe4 f6 25. h3 Rxc3 26. Ra8+ Kf7 27. Qxh7 Bf8 28. Qh5+ Kg8 29. Qe8 Qxd4 30. Qxf8+ Kh7 31. Qg8+ Kg6 32. Qe8+ Kh7 33. Qh5#   {Black checkmated} 1-0

[Event "Team 45 45 League T26"]
[Site "Free Internet Chess Server"]
[Date "2005.04.24"]
[Round "6"]
[White "twotowers"]
[Black "jjgsmm"]
[Result "1/2-1/2"]
[WhiteElo "1627"]
[BlackElo "1540"]
[TimeControl "2700+45"]

1. Nf3 Nf6 2. g3 g6 3. Bg2 Bg7 4. O-O O-O 5. d3 d6 6. Nbd2 e5 7. e4 Bg4 8. h3 Be6 9. a4 Qc8 10. Ng5 Bd7 11. Kh2 Nc6 12. Nc4 Nd4 13. c3 Ne6 14. f4 Nxg5 15. fxg5 Ne8 16. Be3 f6 17. Qd2 f5 18. exf5 Bxf5 19. Rf2 c6 20. Raf1 d5 21. g4 Be6 22. Rxf8+ Bxf8 23. Nxe5 Bd6 24. Bf4 Qc7 25. d4 Ng7 26. b4 Rf8 27. Qe2 Bc8 28. c4 Ne6 29. Qd2 Nxf4 30. Rxf4 Rxf4 31. Qxf4 Bxe5 32. dxe5 dxc4 33. Qxc4+ Kg7 34. b5 Qxe5+ 35. Kh1 Be6 36. Qb4 Bd5 37. bxc6 Bxg2+ 38. Kxg2 Qe2+ 39. Kg3 Qe3+ 40. Kg2 Qe2+ 41. Kg1 Qe3+ 42. Kg2 Qe2+   {Game drawn by mutual agreement} 1/2-1/2

[Event "Team 45 45 League T26"]
[Site "Free Internet Chess Server"]
[Date "2005.04.22"]
[Round "6"]
[White "PawnSensei"]
[Black "clarinetref"]
[Result "1-0"]
[WhiteElo "1411"]
[BlackElo "1519"]
[TimeControl "2700+45"]

1. e4 c5 2. c3 d5 3. Bb5+ Bd7 4. Bxd7+ Qxd7 5. e5 d4 6. cxd4 Qxd4 7. Nf3 Qd7 8. O-O e6 9. b3 Nc6 10. Nc3 Nge7 11. Ba3 b6 12. Nb5 a6 13. Nd6+ Kd8 14. Nxf7+ Kc7 15. Nxh8 Ng6 16. Nxg6 hxg6 17. Rc1 Kb7 18. Re1 Be7 19. d4 cxd4 20. Bxe7 Qxe7 21. Nxd4 Nxd4 22. Qxd4 Rd8 23. Qe4+ Ka7 24. Red1 Rh8 25. h3 g5 26. Qc4 Kb7 27. Qe4+ Ka7 28. Qc6 Rd8 29. Rxd8 Qxd8 30. Qc7+ Qxc7 31. Rxc7+ Kb8 32. Rxg7   {Black resigns} 1-0

[Event "Team 45 45 League T26"]
[Site "Free Internet Chess Server"]
[Date "2005.04.21"]
[Round "6"]
[White "twinders"]
[Black "thelovegambit"]
[Result "1/2-1/2"]
[WhiteElo "1655"]
[BlackElo "1585"]
[TimeControl "2700+45"]

1. d4 Nf6 2. c4 e6 3. Nc3 c5 4. Nf3 d5 5. Bg5 Be7 6. dxc5 dxc4 7. e3 O-O 8. Bxc4 Qa5 9. O-O Qxc5 10. Bb3 Nc6 11. Qc2 Na5 12. Ne4 Nxe4 13. Bxe7 Qxc2 14. Bxc2 Re8 15. Rfd1 Nc6 16. Ba3 Nf6 17. Ba4 Bd7 18. Rac1 Rac8 19. h3 a6 20. Nd4 Ne5 21. Rxc8 Rxc8 22. Bb3 h6   {Game drawn by mutual agreement} 1/2-1/2

[Event "Team 45 45 League T26"]
[Site "Free Internet Chess Server"]
[Date "2005.04.21"]
[Round "6"]
[White "Aul"]
[Black "AlesD"]
[Result "0-1"]
[WhiteElo "1566"]
[BlackElo "1592"]
[TimeControl "2700+45"]

1. d4 d5 2. e3 Bf5 3. f4 Nf6 4. Nd2 e6 5. Ngf3 c5 6. Ne5 cxd4 7. exd4 a6 8. b3 Qc7 9. c4 Be7 10. Bb2 h6 11. Rc1 Nc6 12. a3 Qb8 13. Be2 O-O 14. g4 Be4 15. Nxe4 Nxe4 16. Nd7 Qxf4 17. Rf1 Bh4+ 18. Rf2 Qxf2#   {White checkmated} 0-1

[Event "Team 45 45 League T26"]
[Site "Free Internet Chess Server"]
[Date "2005.04.23"]
[Round "6"]
[White "rgadoury"]
[Black "Haknor"]
[Result "0-1"]
[WhiteElo "1404"]
[BlackElo "1623"]
[TimeControl "2700+45"]

1. e4 c6 2. d4 d5 3. e5 c5 4. c3 Nc6 5. Nf3 Bg4 6. Be2 Bxf3 7. Bxf3 e6 8. a3 Nge7 9. Bg5 Qb6 10. b4 cxd4 11. cxd4 Nf5 12. Be3 Nfxd4 13. Bxd4 Qxd4 14. Nd2 Qxe5+ 15. Be2 Nd4 16. Rc1 Qxe2+ 17. Qxe2 Nxe2 18. Kxe2 Bd6 19. g3 Kd7 20. Nb3 b6 21. Nd4 Rhc8 22. Rxc8 Rxc8 23. Kd3 a6 24. f4 a5 25. Nb5 axb4 26. Nxd6 Kxd6 27. axb4 Rc4 28. Rb1 f5 29. Rb2 Kc6 30. b5+ Kc5 31. h4 Rb4 32. Rxb4 Kxb4 33. Kd4 Kxb5 34. h5 Ka4   {White resigns} 0-1

[Event "Team 45 45 League T26"]
[Site "Free Internet Chess Server"]
[Date "2005.04.23"]
[Round "6"]
[White "maglover"]
[Black "Triplea"]
[Result "1-0"]
[WhiteElo "1563"]
[BlackElo "1230"]
[TimeControl "2700+45"]

1. c4 e5 2. Nc3 Nf6 3. Nf3 Nc6 4. g3 d5 5. cxd5 Nxd5 6. Bg2 Nxc3 7. bxc3 Bc5 8. O-O O-O 9. Bb2 Re8 10. c4 Bf5 11. d3 Nd4 12. Nxd4 Bxd4 13. Bxd4 exd4 14. Bxb7 Rb8 15. Bg2 Rb2 16. Bf3 Qd6 17. Qa4 Qb6 18. Qxe8#   {Black checkmated} 1-0

[Event "Team 45 45 League T26"]
[Site "Free Internet Chess Server"]
[Date "2005.04.25"]
[Round "6"]
[White "RussoTuristo"]
[Black "Akavall"]
[Result "1/2-1/2"]
[WhiteElo "1906"]
[BlackElo "1907"]
[TimeControl "2700+45"]

1. c4 e5 2. Nc3 Nc6 3. g3 Nf6 4. Bg2 Bc5 5. h3 a6 6. e4 d6 7. Nge2 O-O 8. O-O Be6 9. d3 h6 10. Kh2 Nh7 11. g4 Qh4 12. Ng3 g6 13. f4 f5 14. gxf5 gxf5 15. exf5 Bxf5 16. fxe5 Be6 17. Rxf8+ Rxf8 18. Qh5 Qxh5 19. Nxh5 Nxe5 20. Bxh6 Rf2 21. Ne4 Rxb2 22. Bg7 Bd4 23. Rf1 Bf7 24. Bxe5 Bxe5+ 25. Nhg3 Rxa2 26. Kh1 b5 27. cxb5 axb5 28. Rb1 Ra1 29. Rxa1 Bxa1 30. Nf5 b4 31. Nh6+ Kg7 32. Nxf7 Kxf7 33. Nd2 Nf6 34. Kg1 Nd7 35. Kf2 Nc5 36. Ke2 Be5 37. Ke3 Bg7 38. d4 Ne6 39. Nb3 Ke7 40. Bc6 Nd8 41. Bf3 Kd7 42. Kd3   {Game drawn by mutual agreement} 1/2-1/2

[Event "Team 45 45 League T26"]
[Site "Free Internet Chess Server"]
[Date "2005.04.24"]
[Round "6"]
[White "ButiOxa"]
[Black "mandragora"]
[Result "1-0"]
[WhiteElo "1764"]
[BlackElo "1788"]
[TimeControl "2700+45"]

1. e4 e5 2. Nf3 Nc6 3. Bb5 a6 4. Ba4 Nf6 5. O-O Nxe4 6. d4 b5 7. Bb3 d5 8. dxe5 Be6 9. c3 Be7 10. Nbd2 O-O 11. Qe2 Bf5 12. Nd4 Nxd4 13. cxd4 c5 14. Nxe4 Bxe4 15. dxc5 Bxc5 16. Rd1 Re8 17. Bf4 Qb6 18. Bxd5 Bxd5 19. Rxd5 Re6 20. Rc1 Be7 21. Be3 Qb7 22. Qd3 Re8 23. Rd7 Qb8 24. f4 Rd8 25. Kf1 g6 26. Rxd8+ Bxd8 27. Qd7 Re7 28. Qc8 Rb7 29. e6 fxe6 30. Qxe6+ Kg7 31. Rc8 Re7 32. Qxe7+   {Black resigns} 1-0

[Event "Team 45 45 League T26"]
[Site "Free Internet Chess Server"]
[Date "2005.04.25"]
[Round "6"]
[White "RobertKaucher"]
[Black "threeNT"]
[Result "1-0"]
[WhiteElo "1726"]
[BlackElo "1743"]
[TimeControl "2700+45"]

1. e4 e5 2. Nf3 Nc6 3. Bb5 a6 4. Ba4 Nf6 5. O-O b5 6. Bb3 Be7 7. Re1 O-O 8. c3 d6 9. h3 Na5 10. Bc2 c5 11. d4 Bd7 12. Nbd2 Qc7 13. Nf1 Nc4 14. Ne3 Nxe3 15. Bxe3 c4 16. Qd2 Rfe8 17. Rad1 Bf8 18. Bg5 Be7 19. dxe5 dxe5 20. Bxf6 Bxf6 21. Qxd7   {Black resigns} 1-0

[Event "Team 45 45 League T26"]
[Site "Free Internet Chess Server"]
[Date "2005.04.21"]
[Round "6"]
[White "ahorse"]
[Black "malevolentmick"]
[Result "0-1"]
[WhiteElo "1560"]
[BlackElo "1776"]
[TimeControl "2700+45"]

1. e4 c5 2. Nf3 d6 3. d4 cxd4 4. Nxd4 Nf6 5. Nc3 g6 6. Be3 Bg7 7. f3 O-O 8. Qd2 Nc6 9. Bc4 Bd7 10. h4 Nxd4 11. Bxd4 h5 12. Qg5 Kh7 13. g4 Bh6 14. Bxf6 Bxg5 15. Bxg5 hxg4 16. h5 gxh5 17. Rxh5+ Kg6 18. Rh1 Kxg5 19. O-O-O Rh8 20. Rd5+ Kg6 21. Rg1 Rh4 22. e5 Be6 23. Rd4 Qb6 24. Rdxg4+ Rxg4   {White resigns} 0-1

[Event "Team 45 45 League T26"]
[Site "Free Internet Chess Server"]
[Date "2005.04.24"]
[Round "6"]
[White "gfsg"]
[Black "cerebero"]
[Result "0-1"]
[WhiteElo "1981"]
[BlackElo "1854"]
[TimeControl "2700+45"]

1. e4 c6 2. d4 d5 3. Nc3 dxe4 4. f3 exf3 5. Nxf3 Bg4 6. Bc4 e6 7. O-O Nf6 8. Bg5 Be7 9. Kh1 Qb6 10. b3 Nbd7 11. Na4 Qc7 12. Bd3 b5 13. Nc3 Bb4 14. Ne2 Bd6 15. h3 Bxf3 16. Rxf3 h6 17. Bh4 g5 18. Bg3 g4 19. Bxd6 Qxd6 20. hxg4 Nxg4 21. g3 h5 22. Qf1 O-O-O 23. Kg2 h4 24. a4 hxg3 25. Nxg3 Rh2+ 26. Kg1 Qxd4+   {White resigns} 0-1

[Event "Team 45 45 League T26"]
[Site "Free Internet Chess Server"]
[Date "2005.04.20"]
[Round "6"]
[White "RomaLavrn"]
[Black "emmanuelaugustus"]
[Result "1-0"]
[WhiteElo "1827"]
[BlackElo "1742"]
[TimeControl "2700+45"]

1. d4 Nf6 2. Nc3 d5 3. f3 Bf5 4. Bg5 e6 5. h4 h6 6. Bf4 Bd6 7. Qd2 c5 8. O-O-O Nc6 9. dxc5 Bxc5 10. g4 Bh7 11. g5 hxg5 12. hxg5 Nd7 13. e4 d4 14. Nb5 e5 15. Bg3 Bb4 16. c3 Ba5 17. Nd6+ Kf8 18. Nxb7 Qb6 19. Nxa5 Nxa5 20. cxd4 Rc8+ 21. Kb1 Bxe4+ 22. fxe4 Rxh1 23. Nf3 Nc4 24. Bxc4 Rxd1+ 25. Qxd1 Rxc4 26. dxe5 Qc6 27. e6 Qxe4+ 28. Ka1 Qxe6 29. Qd6+ Qxd6 30. Bxd6+ Ke8 31. b3 Rc6 32. Bb4 Nc5 33. Nd4 Rc8 34. Nf5 g6 35. Nd6+ Kd7 36. Nxc8 Ne4 37. Nxa7 Nxg5 38. Nb5 f5 39. Nc3 f4 40. Nd1 f3 41. Nf2 Ne6 42. Kb2 Nf4 43. Bd2 Nd5 44. a4 Nc7 45. Kc3 Na6 46. b4 Ke6 47. Kd4 Kf5 48. Ke3 Ke5 49. Kxf3 Kd5 50. b5 Nc5 51. b6 Kc6 52. a5 Nb7 53. Ne4 Kb5 54. Kf4 Ka6 55. Ke5 Nd8 56. Kd6 Kb7 57. Nc5+ Kb8 58. Kd7 Nf7 59. Bf4+   {Black resigns} 1-0

[Event "Team 45 45 League T26"]
[Site "Free Internet Chess Server"]
[Date "2005.04.25"]
[Round "6"]
[White "impe"]
[Black "JoeytheBudgie"]
[Result "1/2-1/2"]
[WhiteElo "1718"]
[BlackElo "1760"]
[TimeControl "2700+45"]

1. e4 e5 2. Nf3 Nf6 3. Nxe5 d6 4. Nf3 Nxe4 5. d4 d5 6. Bd3 Nc6 7. c4 Be7 8. O-O Nb4 9. Be2 O-O 10. Nc3 Be6 11. Ne5 f6 12. Nf3 Kh8 13. Qb3 Nxc3 14. bxc3 dxc4 15. Bxc4 Bxc4 16. Qxc4 Nd5   {Game drawn by mutual agreement} 1/2-1/2

[Event "Team 45 45 League T26"]
[Site "Free Internet Chess Server"]
[Date "2005.04.21"]
[Round "6"]
[White "zcomcon"]
[Black "fernbap"]
[Result "0-1"]
[WhiteElo "1684"]
[BlackElo "1642"]
[TimeControl "2700+45"]

1. e4 c5 2. f4 d6 3. c3 e5 4. d3 Nc6 5. Nf3 Be7 6. Na3 a6 7. Nc2 Bg4 8. Be2 Nf6 9. O-O b5 10. fxe5 dxe5 11. Be3 O-O 12. Nd2 Bxe2 13. Qxe2 Qd7 14. Nb3 Qa7 15. a4 Qb6 16. axb5 Qxb5 17. Ra3 Nxe4 18. c4 Qb7 19. dxe4 Nd4 20. Ncxd4 cxd4 21. Na5 Qc7 22. Ra2 dxe3 23. Qxe3 Bc5   {White resigns} 0-1

[Event "Team 45 45 League T26"]
[Site "Free Internet Chess Server"]
[Date "2005.04.21"]
[Round "6"]
[White "RFFISCHER"]
[Black "MStav"]
[Result "1/2-1/2"]
[WhiteElo "1654"]
[BlackElo "1700"]
[TimeControl "2700+45"]

1. d4 Nf6 2. c4 c5 3. d5 e5 4. Bg5 d6 5. e4 Be7 6. Bxf6 Bxf6 7. Nf3 Nd7 8. Bd3 Nf8 9. Nbd2 Ng6 10. Be2 Bd7 11. Qc2 Nf4 12. Bf1 O-O 13. g3 Ng6 14. Bg2 a6 15. O-O b5 16. b3 Be7 17. Ne1 f5 18. Kh1 f4 19. Nef3 fxg3 20. fxg3 Bg5 21. Nxg5 Qxg5 22. Nf3 Qe7 23. Qd2 Rf7 24. Ng5 Rff8 25. Rxf8+ Rxf8 26. Rf1 b4 27. Rxf8+ Qxf8 28. Kg1 a5 29. Ne6 Bxe6 30. dxe6 Qe7 31. Bh3 Nf8 32. Kg2 Nxe6 33. Qd5 Kf7 34. Bxe6+ Qxe6 35. Qa8 Qg4 36. Qd5+ Qe6 37. Qa8 Qg4 38. Qd5+ Qe6   {Game drawn by repetition} 1/2-1/2

[Event "Team 45 45 League T26"]
[Site "Free Internet Chess Server"]
[Date "2005.04.20"]
[Round "6"]
[White "twinders"]
[Black "MattBinMi"]
[Result "1-0"]
[WhiteElo "1649"]
[BlackElo "1563"]
[TimeControl "2700+45"]

1. d4 Nf6 2. c4 c5 3. Nf3 g6 4. Nc3 Bg7 5. Bg5 O-O 6. Qd2 d6 7. Bh6 Nbd7 8. Bxg7 Kxg7 9. e3 b6 10. Be2 Bb7 11. O-O Re8 12. Ng5 e6 13. Bf3 Bxf3 14. Nxf3 d5 15. cxd5 Nxd5 16. dxc5 Nxc3 17. Qxc3+ Kg8 18. cxb6 Nxb6 19. Rfd1 Qe7 20. Qc6 Rac8 21. Qd6 Qxd6 22. Rxd6 Nc4 23. Rd7 Nxb2 24. Rxa7 Rc2 25. g3 Rec8 26. Ng5 Rc1+ 27. Rxc1 Rxc1+ 28. Kg2 f5 29. Nxe6 Rc2 30. Rd7 Nc4 31. Rd8+ Kf7 32. Ng5+ Ke7 33. Rd3 Rxa2 34. Nxh7 Nd2 35. Ng5 Kf6 36. h4 Nc4 37. Rb3 Nd2 38. Rb6+ Kg7 39. Rc6   {Black resigns} 1-0

[Event "Team 45 45 League T26"]
[Site "Free Internet Chess Server"]
[Date "2005.04.22"]
[Round "6"]
[White "Bengbula"]
[Black "Ninaber"]
[Result "1-0"]
[WhiteElo "2063"]
[BlackElo "2108"]
[TimeControl "2700+45"]

1. d4 Nf6 2. Nf3 d5 3. c4 e6 4. g3 dxc4 5. Bg2 Nc6 6. Qa4 Bb4+ 7. Bd2 Nd5 8. O-O Bxd2 9. Nfxd2 O-O 10. e3 e5 11. Qb5 Ndb4 12. d5 Nc2 13. dxc6 bxc6 14. Qa4 Nxa1 15. Nxc4 Rb8 16. Nba3 Rxb2 17. Nxb2 Be6 18. Rxa1   {Black resigns} 1-0

[Event "Team 45 45 League T26"]
[Site "Free Internet Chess Server"]
[Date "2005.04.26"]
[Round "6"]
[White "IAmTheWalrus"]
[Black "trener"]
[Result "1-0"]
[WhiteElo "2142"]
[BlackElo "1865"]
[TimeControl "2700+45"]

1. c4 Nf6 2. Nc3 c6 3. e4 d5 4. cxd5 cxd5 5. e5 d4 6. exf6 dxc3 7. dxc3 Qxd1+ 8. Kxd1 exf6 9. Nf3 Nc6 10. Be3 Bf5 11. Bc4 Be6 12. Bd3 O-O-O 13. Kc2 Kb8 14. Rhe1 Bd6 15. Nd4 Nxd4+ 16. Bxd4 h5 17. h3 Rhe8 18. Rad1 b6 19. Be4 Kc7 20. b3 Bd7 21. a4 Be5 22. Re3 h4 23. Re2 Bf4 24. Rde1 Re6 25. Bd3 Rde8 26. Bc4 Rxe2+ 27. Rxe2 Bf5+ 28. Kb2 Rxe2+ 29. Bxe2 Be4 30. f3 Bf5 31. Ba6 Kc6 32. b4 Be6 33. c4 Bd2 34. Kb3 Kd6 35. Bf2 g5 36. g3 hxg3 37. Bxg3+ Ke7 38. Bb8 Kd7 39. Bxa7 Kc7 40. a5 bxa5 41. b5 Kd7 42. b6 Be3 43. Bb5+ Ke7 44. Ka4 Bxh3 45. Kxa5 Bg2 46. Bc6 g4 47. Bb8 Bxf3 48. Kb5   {Black resigns} 1-0

[Event "Team 45 45 League T26"]
[Site "Free Internet Chess Server"]
[Date "2005.04.23"]
[Round "6"]
[White "AlefZero"]
[Black "adingod"]
[Result "1/2-1/2"]
[WhiteElo "2134"]
[BlackElo "1790"]
[TimeControl "2700+45"]

1. e4 Nf6 2. e5 Nd5 3. d4 d6 4. c4 Nb6 5. exd6 cxd6 6. d5 g6 7. Qd4 Rg8 8. Nc3 Bg7 9. Qh4 h6 10. Nf3 Bf5 11. Be3 g5 12. Qg3 Na4 13. Bd4 Nxc3 14. bxc3 g4 15. Bxg7 gxf3 16. Qxf3 Rxg7 17. Qxf5 Nd7 18. g3 Qa5 19. Rc1 Qxa2 20. Bh3 Nc5 21. O-O Qxc4 22. Rfe1 Kf8 23. Re3 Qh4 24. Rce1 Rg5 25. Qh7 Qxh3 26. Rxe7 Qh5 27. Qh8+ Rg8 28. Qf6 Rc8 29. Qxd6 Kg7 30. Rxf7+ Qxf7 31. Re7 Qxe7 32. Qxe7+ Kg6 33. h4 a5 34. g4 Rg7 35. Qe5 Rd7 36. h5+ Kf7 37. d6 Rc6 38. Qf5+ Kg8 39. Qg6+ Rg7 40. Qxh6 Rxg4+ 41. Kf1 a4 42. Qe3 Rg7 43. c4 Kh7   {Game drawn by mutual agreement} 1/2-1/2

[Event "Team 45 45 League T26"]
[Site "Free Internet Chess Server"]
[Date "2005.04.22"]
[Round "6"]
[White "qire"]
[Black "CamyC"]
[Result "1-0"]
[WhiteElo "1962"]
[BlackElo "1971"]
[TimeControl "2700+45"]

1. e4 e5 2. Nc3 Nf6 3. f4 d5 4. fxe5 Nxe4 5. Nf3 Nc6 6. d4 Bb4 7. Bd2 Bxc3 8. Bxc3 O-O 9. Bd3 f6 10. exf6 Qxf6 11. O-O Bg4 12. Be2 Qf4 13. Qd3 Rae8 14. Ne5 Nf2 15. Bxg4 Nxd3 16. Rxf4 Nxf4 17. Re1 Nxe5 18. dxe5 Ne6 19. Bf3 d4 20. Bb4 c5 21. Bd2 b6 22. Bd5 Kf7 23. b4 Ke7 24. bxc5 bxc5 25. c3 Rb8 26. cxd4 cxd4 27. a3 Rf5 28. Bb4+ Kd7 29. g4 Rg5 30. h3 Rb5 31. Bb3 Rgxe5 32. Rf1 Nc5 33. Bc4 Rb7 34. Rf4 Re4 35. Rf7+ Kc6 36. Rf5 Rd7 37. Rxc5+ Kb6 38. Rb5+ Kc6 39. Rf5 d3 40. Bb5+ Kc7 41. Ba5+ Kd6 42. Bxd7 Kxd7 43. Rd5+ Ke6 44. Rxd3 h5 45. g5 Kf5 46. Bd8 Kf4 47. Kf2 Rc4 48. Rf3+ Ke4 49. Kg3 h4+ 50. Kg4 Ke5+ 51. Kh5 Ke6 52. Kg6 Rc5 53. Kxg7 Rd5 54. Bf6 Rd7+ 55. Kg6 Rd1 56. Re3+ Kd7 57. Kh5   {Black resigns} 1-0

[Event "Team 45 45 League T26"]
[Site "Free Internet Chess Server"]
[Date "2005.04.21"]
[Round "6"]
[White "ryoshu"]
[Black "RussoTuristo"]
[Result "0-1"]
[WhiteElo "1879"]
[BlackElo "1880"]
[TimeControl "2700+45"]

1. e4 c5 2. Nc3 Nc6 3. f4 g6 4. Nf3 Bg7 5. Bb5 Nd4 6. Bd3 d6 7. Nxd4 cxd4 8. Ne2 e5 9. O-O Ne7 10. f5 f6 11. Qe1 g5 12. Ng3 h5 13. Be2 h4 14. Nh5 Kf8 15. d3 Ng8 16. g3 Qe8 17. g4 Bh6 18. Qb4 Qc6 19. c3 a5 20. Qb3 a4 21. Qb4 dxc3 22. bxc3 Rh7 23. Ba3 Rd7 24. Bf3 Ke8 25. d4 b5 26. Rab1 Ba6 27. Kg2 Rc8 28. Rfc1 Rcc7 29. Rc2 Qb7 30. d5 Rc4 31. Qa5 Bf8 32. Rcb2 Kf7 33. Rxb5 Bxb5 34. Rxb5 Qa7 35. Qxa7 Rxa7 36. Bb4 Rcc7 37. Be2 Rcb7 38. a3 Rxb5 39. Bxb5 Nh6 40. h3 Ke7 41. c4 Kf7 42. Kf3 Ng8 43. Ke3 Ne7 44. Kd3 Nc8 45. Bc6 Be7 46. Bb5 Bd8 47. Kc3 Bb6 48. Kd3 Ba5 49. Kc3 Nb6 50. Bxa5 Rxa5 51. Kb4 Ra7 52. Bc6 Nd7 53. Bxa4 Nc5 54. Bc2 Rb7+ 55. Kc3 Rb6 56. a4 Rb8 57. Kd2 Ra8 58. Ke3 Nxa4 59. Bxa4 Rxa4 60. Kf3 Rxc4   {White resigns} 0-1

[Event "Team 45 45 League T26"]
[Site "Free Internet Chess Server"]
[Date "2005.04.22"]
[Round "6"]
[White "Louro"]
[Black "Mekk"]
[Result "1-0"]
[WhiteElo "1946"]
[BlackElo "1784"]
[TimeControl "2700+45"]

1. e4 c5 2. Nf3 Nc6 3. d4 cxd4 4. Nxd4 e5 5. Nb5 d6 6. N1c3 a6 7. Na3 b5 8. Nd5 Nf6 9. Be3 Nxe4 10. Bb6 Qh4 11. Nc7+ Ke7 12. Nxa8 Bb7 13. Nc7 f5 14. Be2 g5 15. c3 g4 16. Qb3 Nd8 17. g3 Qh6 18. Nd5+ Kd7 19. Be3 Qh3 20. Bf1 Qh5 21. Bg2 f4 22. Bxe4 Bxd5 23. Qxd5 fxe3 24. fxe3 Bh6 25. O-O-O Bxe3+ 26. Kb1 Qh6 27. Qxe5 Re8 28. Bf5+ Re6 29. Bxe6+ Nxe6 30. Rxd6+ Ke7 31. Re1 Qg6+ 32. Nc2   {Black resigns} 1-0

[Event "Team 45 45 League T26"]
[Site "Free Internet Chess Server"]
[Date "2005.04.25"]
[Round "6"]
[White "MStav"]
[Black "fismoluni"]
[Result "1/2-1/2"]
[WhiteElo "1699"]
[BlackElo "1656"]
[TimeControl "2700+45"]

1. d4 d5 2. Nf3 Nf6 3. Bg5 Ne4 4. Bh4 c5 5. e3 Qb6 6. Qc1 cxd4 7. exd4 Nc6 8. c3 Bf5 9. Nbd2 e6 10. Be2 Bd6 11. Nxe4 Bxe4 12. O-O Qc7 13. Bg3 O-O 14. Bxd6 Qxd6 15. Nd2 Bg6 16. Re1 Rac8 17. Qd1 Nxd4 18. cxd4 Bc2 19. Qc1 Bg6   {Game drawn by mutual agreement} 1/2-1/2

[Event "Team 45 45 League T26"]
[Site "Free Internet Chess Server"]
[Date "2005.04.27"]
[Round "6"]
[White "ahorse"]
[Black "BIRDSMAN"]
[Result "0-1"]
[WhiteElo "1538"]
[BlackElo "1600"]
[TimeControl "2700+45"]

1. d4 e6 2. e4 c5 3. Nf3 cxd4 4. Nxd4 Nf6 5. e5 Qa5+ 6. c3 Qxe5+ 7. Be3 Nc6 8. Nb5 Nd5 9. Be2 Nxe3 10. fxe3 a6 11. Nd4 Qxe3 12. Qa4 Nxd4 13. cxd4 b5 14. Qd1 Bb4+ 15. Nd2 Qxd2+ 16. Qxd2 Bxd2+ 17. Kxd2 Bb7 18. Rhg1 O-O 19. Rac1 Rac8 20. Rc5 Rc6 21. Rgc1 Rfc8 22. Bf3 Rxc5 23. dxc5 Bxf3 24. gxf3 Rc6 25. b4 Kf8 26. Kd3 Ke7 27. Kd4 f6 28. Rc3 d6 29. cxd6+ Kxd6 30. Rb3 Rc4+ 31. Kd3 Kd5 32. a3 f5 33. Rb1 e5 34. Rg1 g6 35. Rg3 Rh4 36. h3 f4 37. Rg4 Rxg4 38. hxg4 h5   {White resigns} 0-1

[Event "Team 45 45 League T26"]
[Site "Free Internet Chess Server"]
[Date "PDT.05.0"]
[Round "6"]
[White "Vinoblanca"]
[Black "CleverBanana"]
[Result "0-1"]
[WhiteElo "1417"]
[BlackElo "1673"]
[TimeControl "2700+45"]

1. d4 d5 2. c4 Nf6 3. Nc3 e6 4. Nf3 Bb4 5. Bg5 O-O 6. e3 Nbd7 7. Qb3 Bxc3+ 8. bxc3 dxc4 9. Bxc4 b6 10. Ne5 Qe8 11. Bb5 Ne4 12. Bf4 Qe7 13. Nc6 Qf6 14. O-O Nd2 15. Qb4 Nxf1 16. Kxf1 a6 17. Ne7+ Kh8 18. Bc6 Ra7 19. Nxc8 Rxc8 20. Bxd7 c5 21. dxc5 Rxd7 22. c6 Rdd8 23. c7 Rd7 24. Qxb6 e5 25. Bg3 Qxb6   {White resigns} 0-1

[Event "Team 45 45 League T26"]
[Site "Free Internet Chess Server"]
[Date "2005.04.21"]
[Round "6"]
[White "Phendrana"]
[Black "KlassAct"]
[Result "1-0"]
[WhiteElo "1405"]
[BlackElo "1376"]
[TimeControl "2700+45"]

1. d4 Nf6 2. c4 g6 3. Nc3 Bg7 4. e4 O-O 5. Bd3 d6 6. Nf3 Nc6 7. O-O e5 8. d5 Ne7 9. Bg5 c6 10. Nd2 cxd5 11. cxd5 h6 12. Be3 Ng4 13. h3 Nxe3 14. fxe3 Qb6 15. Kh1 Qxe3 16. Nc4 Qc5 17. Na4 Qc7 18. g4 b5 19. Ne3 bxa4 20. Qxa4 Bd7 21. Bb5 Bxb5 22. Qxb5 Rab8 23. Qe2 Qb6 24. b3 Qb5 25. Nc4 Qd7 26. h4 Nc8 27. g5 h5 28. Qh2 Nb6 29. Na5 Qg4 30. Nc6 Qxe4+ 31. Kg1 Rb7 32. Rae1 Qxd5 33. Ne7+ Kh7 34. Nxd5 Nxd5 35. Qg2 Rb5 36. Qd2 Rd8 37. a4 Rxb3 38. Qxd5 Rg3+ 39. Kh2   {Black resigns} 1-0

[Event "Team 45 45 League T26"]
[Site "Free Internet Chess Server"]
[Date "2005.04.22"]
[Round "6"]
[White "mrmahoon"]
[Black "zcomcon"]
[Result "0-1"]
[WhiteElo "1601"]
[BlackElo "1671"]
[TimeControl "2700+45"]

1. e4 e6 2. d4 b6 3. Nf3 Bb7 4. Bd3 d6 5. Nc3 Be7 6. Qe2 a6 7. Bd2 Nd7 8. O-O Ngf6 9. a4 O-O 10. Rfe1 Re8 11. Bc4 Nf8 12. d5 exd5 13. exd5 Ng6 14. Qd3 Bf8 15. Bg5 Rxe1+ 16. Rxe1 h6 17. Bxf6 Qxf6 18. b3 Qd8 19. Qd2 Qd7 20. Bd3 Be7 21. Bxg6 fxg6 22. Qd3 g5 23. Ne4 Rf8 24. Ng3 Bf6 25. c4 Bc8 26. Re6 Qf7 27. Re1 Re8 28. Nf5 Rxe1+ 29. Nxe1 Be5 30. Ng3 Bxg3 31. Qxg3 Qf5 32. Nd3 Bd7 33. Qe3 Kf7 34. f4 gxf4 35. Nxf4 Qb1+ 36. Kf2 Qf5 37. Qf3 g5 38. Nh5 Qxf3+ 39. Kxf3 Bf5 40. b4 Bc2 41. a5 bxa5 42. bxa5 Bb3 43. Ke4 Bxc4 44. Ng3 Bb3 45. Ne2 Bc2+ 46. Kd4 Kf6 47. g3 Kf5 48. Nc3 h5 49. Ke3 Ke5 50. h4 gxh4 51. gxh4 Bb3   {White resigns} 0-1

[Event "Team 45 45 League T26"]
[Site "Free Internet Chess Server"]
[Date "2005.04.22"]
[Round "6"]
[White "tjraczko"]
[Black "grabapawn"]
[Result "1/2-1/2"]
[WhiteElo "1617"]
[BlackElo "1450"]
[TimeControl "2700+45"]

1. e4 e6 2. d4 d5 3. Nc3 Nc6 4. Nf3 Bb4 5. e5 Bd7 6. Bd3 Nge7 7. O-O Ng6 8. Be3 Qe7 9. a3 Bxc3 10. bxc3 a6 11. a4 Na5 12. Qe2 O-O 13. c4 Nc6 14. c3 f6 15. cxd5 exd5 16. Bxg6 hxg6 17. exf6 Qxf6 18. Bg5 Qf5 19. Qd2 Rae8 20. Nh4 Qf7 21. Qd3 Bf5 22. Nxf5 Qxf5 23. Qxf5 gxf5 24. Rfe1 Rxe1+ 25. Rxe1 Kf7 26. Bf4 Re8 27. Rxe8 Kxe8 28. Bxc7 Kd7 29. Bf4 Na5 30. h3 Nc4 31. Bc1 b6 32. g4 fxg4 33. hxg4 g6 34. f4 Ke6 35. Kf2 Nd6 36. Ba3 Ne4+ 37. Kf3 Nxc3 38. Ke3 Nxa4 39. Kd3 b5 40. Kc2 Nb6 41. Kb3 a5 42. Bc5 Nc4 43. Kc3 Ne3 44. Bb6 a4 45. Kb4 Nxg4 46. Kxb5 Kf5 47. Bc5 a3 48. Bxa3 Kxf4 49. Kc5 Ke4 50. Bc1 Ne3 51. Bxe3 Kxe3 52. Kxd5 g5 53. Ke5 g4 54. d5 g3 55. d6 g2 56. d7 g1=Q 57. d8=Q Qg3+ 58. Ke6 Qg4+ 59. Kf7 Qf5+   {Game drawn by mutual agreement} 1/2-1/2